 Dungeon Crawl Stone Soup version 0.27-a0-1189-gb8eb6cee8e (webtiles) character file.

Game seed: 8177099660809478470

319 siradein the Ruffian (level 6, -3/47 HPs)
             Began as a Draconian Transmuter on May 23, 2021.
             Was an Initiate of Wu Jian.
             Slain by an ogre
             ... wielding a +0 giant spiked club
              (7 damage)
             ... on level 3 of the Dungeon.
             The game lasted 00:09:45 (4655 turns).

siradein the Ruffian (Draconian Transmuter)         Turns: 4655, Time: 00:09:45

Health: -3/47      AC:  7    Str: 13    XL:     6   Next: 21%
Magic:  11/11      EV: 12    Int: 14    God:    Wu Jian [......]
Gold:   136        SH:  0    Dex: 12    Spells: 6/12 levels left

rFire    . . .     SeeInvis .     - Unarmed
rCold    . . .     Faith    .   (no shield)
rNeg     . . .     Spirit   .   (armour unavailable)
rPois    .         Reflect  .   (helmet restricted)
rElec    .         Harm     .   f - +0 cloak
rCorr    .         Rampage  .   (no gloves)
Will     .....                  (no boots)
Stlth    +.........             (no amulet)
HPRegen  0.15/turn              (no ring)
MPRegen  0.12/turn              (no ring)

@: no status effects
A: AC +6, unfitting armour, cold-blooded
a: Renounce Religion


You were on level 3 of the Dungeon.
You worshipped Wu Jian.
Wu Jian was noncommittal.
You visited 2 branches of the dungeon, and saw 5 of its levels.

You collected 136 gold pieces.

Inventory:

Missiles
 a - 182 stones
Armour
 f - a +0 cloak (worn)
Jewellery
 g - a +6 ring of strength
 j - an amulet of regeneration
Scrolls
 c - 2 scrolls of identify {unknown}
 d - a scroll of noise {unknown}
 e - a scroll of enchant armour {unknown}
 k - 3 scrolls of teleportation {unknown}
 l - a scroll of vulnerability {unknown}
Potions
 b - a potion of attraction {unknown}
 h - a potion of might {unknown}
 i - 3 potions of degeneration {unknown}
 m - a potion of brilliance {unknown}
 n - 2 potions of curing {unknown}


   Skills:
 - Level 1.1 Fighting
 - Level 1.7 Dodging
 - Level 0.5 Stealth
 - Level 5.1 Unarmed Combat
 + Level 3.6 Spellcasting
 + Level 3.6 Transmutations


You had 6 spell levels left.
You knew the following spells:

 Your Spells              Type           Power      Damage    Failure   Level
a - Beastly Appendage     Tmut           24%        N/A       4%          1
b - Wereblood             Tmut           12%        N/A       7%          2
c - Spider Form           Tmut/Pois      3%         N/A       28%         3

Your spell library contained the following spells:

 Spells                   Type           Power      Damage    Failure   Level
 Corona                   Hex            2%         N/A       21%         1
 Ensorcelled Hibernation  Hex/Ice        4%         N/A       30%         2
 Confusing Touch          Hex            2%         N/A       52%         3
 Dazzling Flash           Conj/Hex       4%         N/A       52%         3
 Tukima's Dance           Hex            2%         N/A       52%         3
 Ice Form                 Ice/Tmut       7%         N/A       67%         4
 Hydra Form               Tmut           6%         N/A       77%         5


Dungeon Overview and Level Annotations

Branches:
Dungeon (4/15)             Temple (1/1) D:4

Altars:
Ashenzari
Dithmenos
Elyvilon
Fedhas
Gozag
Hepliaklqana
Kikubaaqudgha
Okawaru
Qazlal
Ru
Sif Muna
Trog
Uskayaw
Vehumet
Wu Jian
Xom
Yredelemnul
Zin
The Shining One

Shops:
D:1 :


Innate Abilities, Weirdness & Mutations

Your plain brown scales are hard. (AC +6)
You cannot fit into any form of body armour.
You are cold-blooded and may be slowed by cold attacks.


Message History

You closely miss the giant cockroach.
The giant cockroach is moderately wounded.
The giant cockroach completely misses you.
You hit the ogre. You claw the ogre, but do no damage.
The ogre is lightly wounded.
The ogre barely misses you. The giant cockroach closely misses you.
A gnoll sergeant comes into view. It is wielding a +0 trident of venom.
The gnoll sergeant shouts!
You hit the ogre. Your kick misses the ogre. You headbutt the ogre.
You tail-slap the ogre, but do no damage.
The ogre is lightly wounded.
A gnoll comes into view. It is wielding a +0 whip.
The giant cockroach bites you but does no damage.
The ogre completely misses you.
The gnoll shouts!
You hit the ogre but do no damage. Your kick misses the ogre.
You headbutt the ogre.
The ogre is moderately wounded.
A gnoll comes into view. It is wielding a +0 whip.
A gnoll comes into view. It is wielding a +0 spear.
The giant cockroach barely misses you.
The gnoll shouts!
You punch the ogre! You claw the ogre, but do no damage.
The ogre is heavily wounded.
The ogre hits you with a +0 giant spiked club!
The giant cockroach bites you but does no damage.
Your transformation is almost over.
The ogre closely misses you. The giant cockroach bites you.
The giant cockroach closely misses you.
Your horns disappear.
Your talons disappear.
Found a robe.
A hound skeleton comes into view.
There is a stone staircase leading up, spattered with blood here.
The ogre hits you with a +0 giant spiked club!!
You climb upwards.
There is a stone staircase leading down here.
The ogre hits you with a +0 giant spiked club!
* * * LOW HITPOINT WARNING * * *
The ogre hits you with a +0 giant spiked club!
You die...

#### ######### #..##
#.......# #.>.## #.......#
##...# #.......## #.O.#
#.^....... ########.@#
#.......## #.........###
#.......## #...........##
#.......##
#..[......#..####.........
#..........[....########..
#.........###.#.########..
#.........###.............
#.............###...###.#.
#########..##.#####.##....


You could see an ogre.

Vanquished Creatures
  A hound (D:4)
  Terence (D:2)
  Natasha (thrice) (D:2)
  A howler monkey skeleton (D:2)
  3 gnolls
  8 adders
  A worm (D:3)
  4 dart slugs
  An orc (D:3)
  4 bats (D:1)
  9 endoplasms
  4 giant cockroaches
  5 goblins
  5 hobgoblins
  2 jackals (D:4)
  4 quokkas
  6 ball pythons
  3 frilled lizards
  2 kobolds
  9 rats
76 creatures vanquished.

Vanquished Creatures (others)
  A fungus (D:4)
1 creature vanquished.

Grand Total: 77 creatures vanquished

Notes
Turn   | Place    | Note
-------+----------+-------------------------------------------
     0 | D:1      | siradein the Draconian Transmuter began the quest for the
                  | Orb.
     0 | D:1      | Reached XP level 1. HP: 16/16 MP: 3/3
   279 | D:1      | Reached XP level 2. HP: 22/23 MP: 5/5
   697 | D:1      | Found Qaeff's Book Emporium.
  1317 | D:1      | Reached XP level 3. HP: 28/28 MP: 4/6
  1449 | D:2      | Noticed Natasha
  1461 | D:2      | Killed Natasha
  1462 | D:2      | Reached skill level 4 in Unarmed Combat
  1568 | D:2      | Noticed Natasha
  1612 | D:2      | Killed Natasha
  1613 | D:2      | Reached XP level 4. HP: 26/35 MP: 5/7
  1801 | D:2      | Noticed Natasha
  1813 | D:2      | Killed Natasha
  1814 | D:2      | Reached skill level 5 in Unarmed Combat
  1817 | D:2      | Learned a level 2 spell: Wereblood
  1821 | D:2      | Learned a level 3 spell: Spider Form
  1998 | D:2      | Noticed Terence
  2033 | D:2      | Killed Terence
  2034 | D:2      | Reached XP level 5. HP: 3/40 MP: 6/8
  2763 | D:3      | Found a faded altar of an unknown god.
  3981 | D:4      | Reached XP level 6. HP: 38/47 MP: 9/11
  3998 | D:4      | HP: 2/47 [poisoned by an adder]
  4321 | D:4      | Found a staircase to the Ecumenical Temple.
  4336 | Temple   | Entered the Ecumenical Temple
  4571 | Temple   | Became a worshipper of the Wu Jian Council
  4655 | D:3      | Slain by an ogre

Illustrated notes

Levels and vault maps discovered:
D:1:      minmay_arrival_wavy_path, layout_basic, serial_co_window_serial,
          co_window_paths_b, co_window_corner_a, co_window_paths_a,
          co_window_paths_b, co_window_paths_a, co_window_broadway_a,
          co_window_paths_c, co_window_2corner, glass_columns_a,
          glass_columns_a, glass_columns_a, glass_columns_a, glass_columns_b,
          serial_shops, shop, minivault_4, minivault_19, serial_park_tiny_pond,
          minmay_pentomino_s4
D:2:      layout_rooms, uniq_terence, uniq_natasha
D:3:      layout_rooms, ebering_ecumenical_altar_rust, nrook_campfire
D:4:      layout_cave_pools, minmay_temple_entry_mist,
          nicolae_ossuary_entry_monument, hangedman_abyss_or_decor_stabs,
          uniq_crazy_yiuf_cottage, uniq_pikel
Temple:   roderic_octagonal_lattice_temple

Skill      XL: |  1  2  3  4  5 |
---------------+----------------+-----
Unarmed Combat | 4 5 |  5.1
Spellcasting   | 3 |  3.6
Transmutations | 3 |  3.6
Fighting       | |  1.1
Dodging        | |  1.7
Stealth        | |  0.5

Action                   |  1- 3 |  4- 6 || total
-------------------------+-------+-------++-------
Melee: Unarmed           |    91 |   186 ||   277
       Tailslap          |     8 |    12 ||    20
       Punch             |     2 |       ||     2
       Headbutt          |     9 |    17 ||    26
       Kick              |     7 |    19 ||    26
 Cast: Beastly Appendage |    18 |    20 ||    38
Invok: Lunge             |       |     1 ||     1
 Stab: Sleeping          |     1 |       ||     1
       Distracted        |       |     1 ||     1
Armor: Skin              |    36 |    58 ||    94
Dodge: Dodged            |    58 |   121 ||   179

Table legend: (Time is in decaauts)
 A = Elapsed time spent in this place.
 B = Non-inter-level travel time spent in this place.
 C = Inter-level travel time spent in this place.
 D = Time resting spent in this place.
 E = Time spent auto-exploring this place.
 F = Levels seen in this place.
 G = Mean time per level.
                   A        B        C        D        E       F      G
               +--------+--------+--------+--------+--------+-----+--------+
         Total |   4656 |   4523 |    133 |    854 |   2945 |   5 |  931.2 |
       Dungeon |   4401 |   4268 |    133 |    854 |   2736 |   4 | 1100.2 |
        Temple |    254 |    254 |      0 |      0 |    209 |   1 |  254.0 |
               +--------+--------+--------+--------+--------+-----+--------+

Top non-repeatable levels by time:
     D:2: 1600 daAuts
     D:1: 1480 daAuts
     D:3: 1159 daAuts
  Temple: 254 daAuts
     D:4: 162 daAuts
